 Dungeon Crawl Stone Soup version 0.26-a0-466-g989023bd0d (webtiles) character file.

Game seed: 10392116902733332026

78 Apogee the Skirmisher (level 3, -8/31 HPs)
             Began as a Demigod Fighter on Aug 6, 2020.
             Killed by nerve-wracking pain
             ... invoked by an orc priest
              (11 damage)
             ... on level 3 of the Dungeon.
             The game lasted 00:01:58 (1640 turns).

Apogee the Skirmisher (Demigod Fighter)             Turns: 1640, Time: 00:01:59

Health: -8/31      AC:  6    Str: 21    XL:     3   Next: 94%
Magic:  5/5        EV:  7    Int: 12    God:
Gold:   174        SH:  9    Dex: 15    Spells: 2/2 levels left

rFire    . . .     SeeInvis .   e - +0 whip (vamp) {!w}
rCold    . . .     Faith    .   q - +0 kite shield
rNeg     . . .     Spirit   .   b - +0 scale mail
rPois    .         Reflect  .   (no helmet)
rElec    .         Harm     .   (no cloak)
rCorr    .                      (no gloves)
MR       .....                  (no boots)
Stlth    ..........             (no amulet)
HPRegen  0.10/turn              (no ring)
MPRegen  0.09/turn              (no ring)

@: no status effects
A: high mp 1
a: no special abilities


You were on level 3 of the Dungeon.
You visited 1 branch of the dungeon, and saw 3 of its levels.

You collected 174 gold pieces.

Inventory:

Hand Weapons
 a - a +0 flail
 e - a +0 vampiric whip (weapon) {!w}
   (You took it off a kobold on level 1 of the Dungeon)
Armour
 b - a +0 scale mail (worn)
 i - a +0 cloak
   (You found it on level 1 of the Dungeon)
 q - a +0 kite shield (worn)
Jewellery
 p - a cursed ring of teleportation {unknown}
   (You found it on level 2 of the Dungeon)
 t - a cursed ring of attention {unknown}
   (You found it on level 3 of the Dungeon)
Wands
 c - a wand of disintegration (17)
   (You found it on level 2 of the Dungeon)
Scrolls
 f - a scroll of teleportation {unknown}
 g - 3 scrolls of identify {unknown}
 j - a scroll of magic mapping {unknown}
 k - a scroll of blinking {unknown}
 m - a scroll of enchant weapon {unknown}
 o - 3 scrolls of remove curse {unknown}
 s - a scroll of enchant armour {unknown}
Potions
 d - a potion of might
 h - a potion of magic {unknown}
 l - a potion of lignification {unknown}
 n - a potion of berserk rage {unknown}
 r - a potion of cancellation {unknown}


   Skills:
 + Level 3.1 Fighting
 * Level 2.9 Maces & Flails
 + Level 3.1 Armour
 + Level 3.1 Shields


You had 2 spell levels left.
You didn't know any spells.
Your spell library was empty.

Dungeon Overview and Level Annotations

Branches:
Dungeon (3/15)


Innate Abilities, Weirdness & Mutations

You have an increased reservoir of magic. (+10% MP)


Message History

The orc hits you but does no damage. You block the orc's attack.
You barely miss the orc priest. The orc hits you but does no damage. x2
You hit the orc priest. The orc priest barely misses you.
The orc hits you with a +1 short sword of speed.
The orc priest hits you but does no damage.
The orc hits you with a +0 trident.
You hit the orc priest.
The orc priest mumbles some strange prayers to Beogh against you.
Pain shoots through your body! You block the orc's attack.
The orc priest hits you with a +0 flail.
* * * LOW HITPOINT WARNING * * *
You block the orc's attack. The orc priest barely misses you.
You hit the orc priest.
You feel better.
The orc priest miscasts a cantrip.
You block the orc's attack.
The orc priest calls upon Beogh to heal the orc priest.
The orc priest is healed somewhat.
You closely miss the orc priest. The orc priest barely misses you.
You block the orc's attack. The orc closely misses you.
The orc hits you but does no damage. You block the orc's attack.
The orc priest hits you but does no damage.
You hit the orc priest but do no damage.
The orc hits you with a +0 dagger.
* * * LOW HITPOINT WARNING * * *
You block the orc priest's attack. The orc closely misses you.
You block the orc's attack.
You completely miss the orc priest. The orc priest hits you.
* * * LOW HITPOINT WARNING * * *
The orc hits you with a +0 dagger.
* * * LOW HITPOINT WARNING * * *
The orc hits you but does no damage.
The orc priest hits you with a +0 flail.
* * * LOW HITPOINT WARNING * * *
The orc hits you with a +1 short sword of speed.
* * * LOW HITPOINT WARNING * * *
The orc priest hits you but does no damage.
You block the orc priest's attack.
You closely miss the orc priest.
The orc priest hits you but does no damage.
The orc hits you with a +0 dagger.
* * * LOW HITPOINT WARNING * * *
The orc hits you from afar with a +0 trident.
* * * LOW HITPOINT WARNING * * *
You block the orc's attack.
The orc priest invokes the aid of Beogh against you.
You barely resist.
The orc priest calls down the wrath of Beogh upon you.
Pain shoots through your body!
You die...

########## #######
.........# .......
.........# ....)..
.........# .......
.........# .......
.........#####.......
..........?..o.......
###########....ooo.......
..........'.....@o.......
###########........###.##
#........# # #........#
#........# ########## . .


You could see 2 orc priests and 3 orcs.

Vanquished Creatures
  A killer bee zombie (D:3)
  An adder (D:2)
  3 leopard geckos
  6 bats (D:1)
  2 giant cockroaches (D:1)
  9 goblins
  6 hobgoblins
  2 jackals (D:1)
  A ball python (D:1)
  4 frilled lizards (D:1)
  9 kobolds
  3 rats
47 creatures vanquished.

Notes
Turn   | Place    | Note
-------+----------+-------------------------------------------
     0 | D:1      | Apogee the Demigod Fighter began the quest for the Orb.
     0 | D:1      | Reached XP level 1. HP: 18/18 MP: 3/3
   226 | D:1      | Reached XP level 2. HP: 22/25 MP: 4/4
   639 | D:1      | Reached XP level 3. HP: 31/31 MP: 5/5
  1640 | D:3      | Killed from afar by an orc priest

Illustrated notes

Levels and vault maps discovered:
D:1:      saegor_arrival_miasma, layout_loops_ring, kennysheep_decorative_pillar
D:2:      layout_rooms, minmay_pentomino_o2
D:3:      layout_basic

Skill      XL: |  1  2  3 |
---------------+----------+-----
Maces & Flails | 2 |  2.9
Fighting       | 3 |  3.1
Shields        | 3 |  3.1
Armour         | 3 |  3.1

Action                   || total
-------------------------++-------
Melee: Whip              ||   214
       Flail             ||    10
Armor: Scale mail        ||    96
Dodge: Dodged            ||    69
Block: Kite shield       ||   138

Table legend: (Time is in decaauts)
 A = Elapsed time spent in this place.
 B = Non-inter-level travel time spent in this place.
 C = Inter-level travel time spent in this place.
 D = Time resting spent in this place.
 E = Time spent auto-exploring this place.
 F = Levels seen in this place.
 G = Mean time per level.
                   A        B        C        D        E       F      G
               +--------+--------+--------+--------+--------+-----+--------+
         Total |   1656 |   1642 |     14 |    207 |   1006 |   3 |  552.0 |
       Dungeon |   1656 |   1642 |     14 |    207 |   1006 |   3 |  552.0 |
               +--------+--------+--------+--------+--------+-----+--------+

Top non-repeatable levels by time:
     D:1: 836 daAuts
     D:3: 467 daAuts
     D:2: 352 daAuts
